 Dungeon Crawl Stone Soup version 0.30-a0-354-g6b83867211 (webtiles) character file.

Game seed: 6305947770459144372

63917 koil the Spry (level 14, -4/80 HPs)
             Began as a Spriggan Enchanter on Nov 7, 2022.
             Was a High Priest of Vehumet.
             Killed by divine providence
             ... invoked by an orc priest
              (11 damage)
             ... on level 2 of the Orcish Mines.
             The game lasted 01:15:15 (18171 turns).

koil the Spry (Spriggan Enchanter)                 Turns: 18171, Time: 01:15:18

Health: -4/80      AC:  6    Str:  4    XL:     14   Next: 69%
Magic:  38/38      EV: 36    Int: 26    God:    Vehumet [*****.]
Gold:   1652       SH:  5    Dex: 27    Spells: 1/33 levels left

rFire   . . .      SeeInvis +    a - +8 short sword "Topne" {flame, *Rage Will+ Int+6 Dex+4}
rCold   . . .      Faith    .    (no shield)
rNeg    . . .      Spirit   .    M - +1 troll leather armour
rPois   .          Reflect  +    o - +2 hat
rElec   .          Harm     .    C - +2 cloak {Stlth+}
rCorr   .          Rampage  .    (gloves unavailable)
Will    +++..      Rage     20%  (boots unavailable)
Stlth   +++++.....               O - amulet of reflection
HPRegen 1.13/turn                u - +6 ring of dexterity
MPRegen 0.26/turn                v - ring of magical power

@: corroded, on berserk cooldown, slowed, quick
A: very small, no large weapons, unfitting armour, see invisible, speed 3
a: Renounce Religion


You were on level 2 of the Orcish Mines.
You worshipped Vehumet.
Vehumet was extremely pleased with you.
You visited 4 branches of the dungeon, and saw 20 of its levels.
You also visited: Ice Cave.

You collected 1652 gold pieces.

Inventory:

Hand Weapons
 a - the +8 short sword "Topne" (weapon) {flame, *Rage Will+ Int+6 Dex+4}
   (You found it on level 5 of the Dungeon)

   It burns those it strikes, dealing additional fire damage.
   Int:       It affects your intelligence (+6).
   Dex:       It affects your dexterity (+4).
   *Rage:     It berserks you when you make melee attacks (+20% chance).
   Will:      It increases your willpower.
 b - a +2 hand crossbow of freezing
 d - a +0 dagger of protection
 g - a +0 quarterstaff of freezing
Missiles
 j - 11 poisoned darts (quivered)
 x - 12 curare-tipped darts
Armour
 h - a +1 robe of cold resistance
 o - a +2 hat (worn)
 C - a +2 cloak of stealth (worn)
 M - a +1 troll leather armour (worn)
 U - a +2 hat
Jewellery
 e - a ring of ice
 u - a +6 ring of dexterity (left hand)
 v - a ring of magical power (right hand)
 O - an amulet of reflection (around neck)
Wands
 s - a wand of acid (15)
 z - a wand of roots (2)
 E - a wand of mindburst (8)
 I - a wand of charming (10)
Scrolls
 l - 6 scrolls of immolation
 m - 13 scrolls of teleportation
 q - 2 scrolls of blinking
 t - a scroll of summoning
 B - 3 scrolls of fear
 L - 2 scrolls of vulnerability
 N - 3 scrolls of identify
 Y - a scroll of magic mapping
Potions
 c - 4 potions of invisibility
 f - 4 potions of brilliance
 i - 2 potions of heal wounds
 k - a potion of lignification
 n - 2 potions of ambrosia
 p - 3 potions of might
 r - 2 potions of cancellation
 A - 2 potions of resistance
 F - a potion of flight
 J - 4 potions of curing
 R - a potion of berserk rage


   Skills:
 + Level 12.2 Fighting
 - Level 10.0 Short Blades
 + Level 18.4 Dodging
 - Level 8.0 Stealth
 - Level 10.0 Spellcasting
 + Level 6.4 Conjurations
 - Level 7.0 Hexes
 - Level 3.0 Transmutations
 - Level 5.0 Air Magic


You had one spell level left.
You knew the following spells:

 Your Spells              Type           Power      Damage    Failure   Level
a - Ensorcelled Hibernat  Hex/Ice        62%        N/A       3%          2
b - Confusing Touch       Hex            49%        N/A       1%          3
c - Dazzling Flash        Conj/Hex       94%        N/A       1%          3
d - Airstrike             Air            19%        2d(3-19)  3%          4
e - Arcjolt               Conj/Air       21%        1d31      6%          5
f - Ignite Poison         Fire/Tmut/Pois 18%        N/A       4%          3
g - Irradiate             Conj/Tmut      18%        3d17      9%          5
h - Orb of Destruction    Conj           23%        9d8       75%         7

Your spell library contained the following spells:

 Spells                   Type           Power      Damage    Failure   Level
 Shock                    Conj/Air       100%       1d9       1%          1
 Freeze                   Ice            52%        1d6       2%          1
 Hailstorm                Conj/Ice       29%        3d8       1%          3
 Tukima's Dance           Hex            49%        N/A       1%          3
 Swiftness                Air            39%        N/A       3%          3
 Portal Projectile        Hex/Tloc       62%        N/A       6%          3
 Sticky Flame             Conj/Fire      29%        2d5       6%          4
 Frozen Ramparts          Ice            26%        1d4       7%          3
 Freezing Cloud           Conj/Ice/Air   16%        6-21      13%         5
 Blade Hands              Tmut           14%        N/A       54%         5
 Simulacrum               Ice/Necr       6%         N/A       100%        6
 Ignition                 Fire           6%         3d4       100%        8
 Polar Vortex             Ice            6%         N/A       100%        9


Dungeon Overview and Level Annotations

Branches:
Dungeon (12/15)            Temple (1/1) D:4            Lair (5/5) D:9
  Swamp (0/4) Lair:3       Spider (0/4) Lair:3        Slime (0/5) Lair:5
    Orc (2/2) D:10          IceCv (visited)
    Elf: Orc:2

Altars:
Ashenzari
Cheibriados
Dithmenos
Elyvilon
Fedhas
Gozag
Hepliaklqana
Kikubaaqudgha
Makhleb
Nemelex Xobeh
Okawaru
Qazlal
Ru
Sif Muna
Trog
Uskayaw
Vehumet
Wu Jian
Xom
Yredelemnul
Zin
The Shining One
Jiyva
Lugonu

Shops:
Orc:1 *

Portals:
Abyss: Lair:5


Innate Abilities, Weirdness & Mutations

You are very small and have problems with some larger weapons.
You are too small for most types of armour.
You have supernaturally acute eyesight. (SInv)
You cover ground extremely quickly. (Speed+++)


Message History

The orc priest miscasts a cantrip.
An orc high priest comes into view. It is wielding a +0 war axe.
You hear a shout!
You closely miss the orc high priest.
The orc high priest is lightly wounded.
You hear a shout!
You hit the orc high priest. You burn the orc high priest.
The orc high priest is moderately wounded.
An orc comes into view. It is wielding a +0 club.
An orc comes into view. It is wielding a +0 flail.
The orc priest invokes the aid of Beogh against you.
Beogh smites you!
The orc priest calls down the wrath of Beogh upon you.
Beogh smites you!
The orc high priest completely misses you.
The rust devil hits you. The rust devil corrodes you!
The orc shouts!
You hit the orc high priest but do no damage.
The orc high priest is moderately wounded.
You hear a shout! x2
The orc priest calls upon Beogh to heal the orc high priest.
The orc high priest is healed somewhat.
The orc priest calls upon Beogh to heal the orc high priest.
The orc high priest is healed somewhat.
The orc high priest invokes the aid of Beogh against you.
Beogh smites you! The orc priest misses you.
The rust devil completely misses you.
You hit the orc high priest. You burn the orc high priest.
The orc high priest is moderately wounded.
The sun demon hits you!!
* * * LOW HITPOINT WARNING * * *
You are engulfed in flames!
* * * LOW HITPOINT WARNING * * *
A warg comes into view.
An orc high priest comes into view. It is wielding a +0 glaive.
An ogre comes into view. It is wielding a +0 giant spiked club.
The orc priest begins to cast a cantrip, but forgets the words!
The orc priest mumbles some strange prayers to Beogh against you.
Beogh smites you!
You die... ... #.# #.# #. # #.# #.# #.# #. #. #.# #.###.# #. .. #.. ... ..# #. ###'###.# #.# #.# #. ho..oo..# #.# #.###+###. ooo.o⌠3o#

#.# #.........
Oo.Tooo@###)###..##+###.
..o.oo..4.)))....# #.
###.###.#######..# #. #
#.# #..# #. #.# #..# #.
... .... .. ... ..... ..
.... ...#... ..$ ......


You could see 3 orc high priests, a sun demon (summoned), a rust devil
(summoned), a troll, a warg, an ogre, 7 orc priests and 5 orcs.

Vanquished Creatures
  Gastronok (Orc:1)
  2 azure jellies (Lair:5)
  A frost giant (IceCv)
  Snorg (D:11)
  Fannar (Orc:1)
  Erolcha (Orc:1)
  3 hydras
  The ghost of Ohasal the Cudgeller, a novice TrGl of Fedhas (D:12)
  A centaur warrior (D:12)
  3 death yaks (IceCv)
  4 two-headed ogres
  3 thrashing horrors (Lair:5)
  Urug (D:11)
  Sonja (D:11)
  A fire crab (shapeshifter) (Lair:5)
  Amaemon (D:11)
  A goliath frog (shapeshifter) (Lair:5)
  Pikel (D:8)
  A deep elf pyromancer (D:12)
  2 lindwurms (Lair:1)
  3 ugly things (Lair:5)
  2 orc sorcerers (Orc:1)
  2 manticores (D:11)
  5 elephants
  Maurice (D:9)
  An ice statue (IceCv)
  7 cane toads
  5 black mambas
  An orange demon (D:11)
  2 smoke demons (Lair:5)
  A kobold demonologist (D:10)
  3 rime drakes
  5 komodo dragons
  An unseen horror (D:11)
  2 ancient zymes (Lair:5)
  11 polar bears (IceCv)
  A polar bear (shapeshifter) (Lair:5)
  6 trolls
  Prince Ribbit (D:9)
  24 blink frogs
  2 dream sheep
  3 spriggans
  2 wraiths (D:11)
  10 small abominations (Lair:5)
  43 yaks
  2 ynoxinuls (Lair:5)
  7 wyverns
  A large abomination (Lair:5)
  12 basilisks
  4 vampire mosquitoes (D:12)
  3 steam dragons
  Menkaure (D:7)
  7 wargs
  An acid dragon (D:9)
  9 water moccasins
  5 sky beasts
  9 orc warriors
  3 ice beasts
  Duvessa (D:5)
  5 black bears
  4 ogres
  38 wolves
  2 centaurs
  A phantom (D:4)
  Blork the orc (D:6)
  A kobold brigand (D:6)
  15 bullfrogs
  A necrophage (D:8)
  4 gnoll sergeants
  8 scorpions
  8 wights (D:7)
  Dowan (D:5)
  14 killer bees
  A crimson imp (D:3)
  4 jellies
  6 orc priests
  8 hounds
  2 gnoll boudas
  3 iguanas
  10 orc wizards
  27 gnolls
  7 adders
  2 shadow imps
  12 white imps (D:12)
  A worm (D:3)
  3 dart slugs
  39 orcs
  9 ball pythons
  4 endoplasms
  2 giant cockroaches
  2 hobgoblins (D:4)
  7 jackals (D:4)
  3 quokkas
  5 bats
  4 frilled lizards
  5 goblins
  7 kobolds
  2 rats
518 creatures vanquished.

Vanquished Creatures (others)
  17 fungi
  26 plants
  13 toadstools (Lair:1)
56 creatures vanquished.

Grand Total: 574 creatures vanquished

Notes
Turn   | Place    | Note
-------+----------+-------------------------------------------
     0 | D:1      | koil the Spriggan Enchanter began the quest for the Orb.
     0 | D:1      | Reached XP level 1. HP: 9/9 MP: 5/5
   309 | D:1      | Reached XP level 2. HP: 11/13 MP: 6/6
   312 | D:1      | Learned a level 2 spell: Ensorcelled Hibernation
   836 | D:2      | Reached skill level 3 in Dodging
   912 | D:2      | Reached XP level 3. HP: 17/17 MP: 8/8
   998 | D:2      | Found a faded altar of an unknown god.
  1019 | D:2      | Reached skill level 5 in Stealth
  1345 | D:2      | Reached XP level 4. HP: 21/21 MP: 10/10
  1417 | D:3      | Reached skill level 1 in Fighting
  1496 | D:3      | Reached XP level 5. HP: 17/25 MP: 4/11
  1629 | D:3      | Found a burning altar of Makhleb.
  1630 | D:3      | Found a radiant altar of Vehumet.
  1638 | D:3      | Became a worshipper of Vehumet
  1730 | D:3      | Found a stormy altar of Qazlal.
  1856 | D:3      | Reached skill level 1 in Conjurations
  2072 | D:4      | Learned a level 3 spell: Confusing Touch
  2076 | D:4      | Learned a level 3 spell: Dazzling Flash
  2170 | D:4      | Noticed a sky beast
  2177 | D:4      | Killed a sky beast
  2178 | D:4      | Reached skill level 4 in Dodging
  2178 | D:4      | Reached XP level 6. HP: 30/30 MP: 9/13
  2214 | D:4      | Found a snail-covered altar of Cheibriados.
  2224 | D:4      | Found a sacrificial altar of Ru.
  2705 | D:4      | Found an ornate altar of the Wu Jian Council.
  2782 | D:4      | Reached * piety under Vehumet
  2782 | D:4      | Offered knowledge of Sandblast by Vehumet.
  2783 | D:4      | Reached skill level 5 in Hexes
  2783 | D:4      | Reached XP level 7. HP: 16/35 MP: 3/14
  3379 | D:4      | Found a staircase to the Ecumenical Temple.
  3554 | Temple   | Entered the Ecumenical Temple
  3626 | D:5      | Entered Level 5 of the Dungeon
  3808 | D:5      | Found a shimmering altar of Xom.
  3849 | D:5      | Reached skill level 5 in Dodging
  4019 | D:5      | Identified the +8 short sword "Topne" {flame, *Rage Will+
                  | Int+6 Dex+4}
  4027 | D:5      | Noticed Duvessa
  4027 | D:5      | Noticed Dowan
  4034 | D:5      | Killed Duvessa
  4035 | D:5      | Reached skill level 5 in Spellcasting
  4035 | D:5      | Reached XP level 8. HP: 39/39 MP: 16/16
  4036 | D:5      | Killed Dowan
  4196 | D:5      | Offered knowledge of Scorch by Vehumet.
  4495 | D:6      | Reached ** piety under Vehumet
  4554 | D:6      | Reached skill level 6 in Dodging
  4654 | D:6      | Found a sparkling altar of Nemelex Xobeh.
  4717 | D:6      | Found a bloodstained altar of Trog.
  4816 | D:6      | Reached XP level 9. HP: 44/44 MP: 15/19
  4819 | D:6      | Reached skill level 5 in Short Blades
  4870 | D:6      | Noticed Blork the orc
  4877 | D:6      | Killed Blork the orc
  4920 | D:6      | Found a glowing silver altar of Zin.
  5342 | D:7      | Offered knowledge of Kindle Blastsparks by Vehumet.
  5345 | D:7      | Reached skill level 7 in Dodging
  5401 | D:7      | Found a shadowy altar of Dithmenos.
  5498 | D:7      | Noticed Menkaure
  5505 | D:7      | Killed Menkaure
  5799 | D:7      | Reached *** piety under Vehumet
  5813 | D:7      | Reached skill level 8 in Dodging
  6044 | D:8      | Reached XP level 10. HP: 51/51 MP: 22/22
  6215 | D:8      | Noticed Pikel
  6229 | D:8      | Killed Pikel
  6230 | D:8      | Reached skill level 5 in Fighting
  6406 | D:8      | Found a glowing golden altar of the Shining One.
  6521 | D:8      | Offered knowledge of Iskenderun's Mystic Blast by Vehumet.
  7016 | D:9      | Noticed Maurice
  7035 | D:9      | Killed Maurice
  7036 | D:9      | Reached skill level 9 in Dodging
  7208 | D:9      | Found a staircase to the Lair.
  7254 | D:9      | Reached **** piety under Vehumet
  7299 | D:9      | Offered knowledge of Airstrike by Vehumet.
  7300 | D:9      | Reached skill level 10 in Dodging
  7593 | D:9      | Noticed Prince Ribbit
  7596 | D:9      | Killed Prince Ribbit
  7609 | D:9      | Noticed a two-headed ogre
  7618 | D:9      | Killed a two-headed ogre
  7619 | D:9      | Reached XP level 11. HP: 56/56 MP: 25/25
  7624 | D:9      | Learned a level 4 spell: Airstrike
  7656 | D:9      | Found an opulent altar of Gozag.
  7925 | D:10     | Entered Level 10 of the Dungeon
  8416 | D:10     | Found a staircase to the Orcish Mines.
  8475 | D:10     | Reached skill level 10 in Spellcasting
  8560 | D:10     | Found a basalt altar of Yredelemnul.
  8566 | D:10     | Found a blossoming altar of Fedhas.
  8569 | D:10     | Found a shimmering blue altar of Sif Muna.
  8934 | D:11     | Noticed Amaemon
  8941 | D:11     | Killed Amaemon
  8942 | D:11     | Reached skill level 11 in Dodging
  8987 | D:11     | Noticed a two-headed ogre
  9000 | D:11     | Killed a two-headed ogre
  9092 | D:11     | Noticed Urug
  9173 | D:11     | Reached ***** piety under Vehumet
  9173 | D:11     | Offered knowledge of Arcjolt by Vehumet.
  9213 | D:11     | Learned a level 5 spell: Arcjolt
  9308 | D:11     | Identified the +1 pair of gloves of Gout {rN+}
  9332 | D:11     | Killed Urug
  9434 | D:11     | Reached skill level 1 in Air Magic
  9452 | D:11     | Noticed Snorg
  9468 | D:11     | Killed Snorg
  9469 | D:11     | Reached skill level 10 in Short Blades
  9469 | D:11     | Reached skill level 12 in Dodging
  9634 | D:11     | Noticed Sonja
  9642 | D:11     | Killed Sonja
 10145 | Lair:1   | Entered Level 1 of the Lair of Beasts
 10310 | Lair:1   | Noticed a six-headed hydra
 10333 | Lair:1   | Reached XP level 12. HP: 63/63 MP: 27/27
 10337 | Lair:1   | Killed a six-headed hydra
 10829 | Lair:1   | Found a runed translucent door.
 11367 | Lair:1   | Reached skill level 13 in Dodging
 11380 | Lair:1   | Identified the +1 war axe "Weskel" {distort, Str+6}
 12068 | Lair:2   | Identified the +5 broad axe "Ubytoew" {spect, rPois}
 12364 | Lair:3   | Reached skill level 5 in Conjurations
 12448 | Lair:3   | Reached skill level 5 in Air Magic
 12536 | Lair:3   | Found a staircase to the Swamp.
 12696 | Lair:3   | Reached skill level 14 in Dodging
 12790 | Lair:3   | Found a glowing golden altar of the Shining One.
 12846 | Lair:3   | Found a hole to the Spider Nest.
 12988 | Lair:3   | Learned a level 3 spell: Ignite Poison
 13122 | Lair:4   | Reached XP level 13. HP: 70/70 MP: 28/28
 13145 | Lair:4   | Offered knowledge of Irradiate by Vehumet.
 13186 | Lair:4   | Learned a level 5 spell: Irradiate
 14005 | Lair:5   | Entered Level 5 of the Lair of Beasts
 14186 | Lair:5   | Reached skill level 15 in Dodging
 14222 | Lair:5   | Reached skill level 10 in Fighting
 14595 | Lair:5   | Reached skill level 16 in Dodging
 14806 | Lair:5   | Found a runed translucent door.
 14806 | Lair:5   | Found a viscous altar of Jiyva.
 14806 | Lair:5   | Noticed an azure jelly
 14807 | Lair:5   | Found a staircase to the Slime Pits.
 14807 | Lair:5   | Noticed an azure jelly
 14816 | Lair:5   | Killed an azure jelly
 14827 | Lair:5   | Killed an azure jelly
 15055 | Lair:5   | Reached skill level 17 in Dodging
 15070 | Lair:5   | Found a corrupted altar of Lugonu.
 15070 | Lair:5   | Found a one-way gate to the infinite horrors of the Abyss.
 15274 | Lair:5   | Reached XP level 14. HP: 79/79 MP: 29/29
 15708 | D:12     | Found a frozen archway.
 15742 | IceCv    | Entered an ice cave
 15788 | IceCv    | Offered knowledge of Orb of Destruction by Vehumet.
 15801 | IceCv    | Learned a level 7 spell: Orb of Destruction
 15837 | IceCv    | Reached skill level 1 in Transmutations
 16097 | IceCv    | Noticed a frost giant
 16190 | IceCv    | Killed a frost giant
 16600 | D:12     | Found an iron altar of Okawaru.
 16659 | D:12     | Found a runed translucent gate.
 16660 | D:12     | Found a runed translucent gate.
 16737 | D:12     | Reached skill level 18 in Dodging
 16926 | D:12     | Found a runed translucent gate.
 16930 | D:12     | Noticed Ohasal's ghost (novice TrGl)
 17038 | D:12     | Killed Ohasal's ghost
 17436 | Orc:1    | Entered Level 1 of the Orcish Mines
 17437 | Orc:1    | Found Velyfen's General Store.
 17671 | Orc:1    | Noticed Fannar
 17677 | Orc:1    | Noticed Erolcha
 17688 | Orc:1    | Killed Fannar
 17692 | Orc:1    | Killed Erolcha
 17791 | Orc:1    | Noticed Gastronok
 17819 | Orc:1    | Killed Gastronok
 18090 | Orc:2    | Entered Level 2 of the Orcish Mines
 18171 | Orc:2    | Killed from afar by an orc priest

Illustrated notes

Levels and vault maps discovered:
D:1:      dpeg_arrival_arbitrary_a, layout_loops_corners, moated_statue
D:2:      layout_basic, nicolae_ecumenical_snake_handling
D:3:      layout_rooms, grunt_temple_overflow_lords_of_destruction,
          nicolae_qazlal_eye_of_the_storm, serial_bayou_lake_a
D:4:      layout_cave_pods, nzn_wu_jian_contemplation,
          mainiacjoe_overflow_catwalk_spiral, temple_green,
          hangedman_minor_gate_pass
D:5:      layout_loops_ring, old_standard_altar, uniq_duvessa
D:6:      layout_loops_ring, nemelex_xobeh_ov_fountains_minmay,
          marbit_many_paths, bloody_trog, uniq_blork_the_orc
D:7:      layout_loops_ring, mainiacjoe_overflow_tiny_flanked, uniq_menkaure
D:8:      layout_basic, mainiacjoe_overflow_brackets, minmay_misc_feat_columns,
          uniq_pikel
D:9:      layout_cave_pods, lemuel_doored_altar, minmay_lair_entry_grove,
          uniq_prince_ribbit1, uniq_maurice
D:10:     layout_stronghold, minmay_overflow_temple_star_quad,
          david_orc_1_choice
D:11:     layout_irregular_city, uniq_amaemon, uniq_snorg, uniq_urug, uniq_sonja
D:12:     layout_cave_pools, portal_ice_cave_entry_imps,
          ebering_ghost_rock_garden, okawaru_ov_weapons_minmay
Temple:   corrupted_temple
Lair:1:   gammafunk_lair_enchanted_lake, layout_regular_city,
          small_statue_intersection
Lair:2:   layout_roguey
Lair:3:   layout_gridlike, swamp_mist_pool, spider_nest_entry_web_field,
          basic_altar, grunt_forest_large_clearing_hut
Lair:4:   layout_loops_ring, serial_rivers, chequers_serial_rivers_small_3,
          chequers_serial_rivers_micro_a, chequers_serial_rivers_small_a,
          chequers_serial_rivers_room_a, chequers_serial_rivers_large_b,
          chequers_serial_rivers_micro_a
Lair:5:   hellmonk_lair_end_abyssal_woods, layout_cave_shapes, slime_entry_2,
          lemuel_fruit_tree
Orc:1:    layout_caves, basic_altar, serial_shops, nicolae_diamond_shop,
          nicolae_orc_bridge_out, nicolae_orc_lava_tube, uniq_erolcha,
          uniq_gastronok, uniq_fannar
Orc:2:    st_orc_town, layout_caves, serial_shops, shop, nicolae_orc_lost_temple

Skill      XL: |  1  2  3  4  5  6  7  8  9 10 11 12 13 14 |
---------------+-------------------------------------------+-----
Dodging        | 3 4 5 6 8 10 12 14 17 18 | 18.4
Spellcasting   | 3 4 5 6 7 9 10 | 10.0
Hexes          | 4 5 6 7 |  7.0
Stealth        | 5 6 7 8 |  8.0
Fighting       | 1 2 3 4 6 7 9 11 12 | 12.2
Short Blades   | 2 3 4 6 8 10 | 10.0
Conjurations   | 1 2 3 5 6 |  6.4
Air Magic      | 2 5 |  5.0
Transmutations | 3 |  3.0

Action                   |  1- 3 |  4- 6 |  7- 9 | 10-12 | 13-15 || total
-------------------------+-------+-------+-------+-------+-------++-------
Melee: Dagger            |    83 |    97 |    81 |       |       ||   261
       Short sword       |       |       |   160 |   509 |   877 ||  1546
       Punch             |       |       |     5 |     5 |    16 ||    26
Throw: Dart              |       |       |       |       |     2 ||     2
 Cast: Ensorcelled Hiber |     4 |    25 |    27 |    27 |     6 ||    89
       Confusing Touch   |       |     2 |     2 |    12 |    30 ||    46
       Airstrike         |       |       |       |     3 |       ||     3
       Irradiate         |       |       |       |       |     2 ||     2
Evoke: Wand              |       |       |       |       |     8 ||     8
  Use: Scroll            |       |       |    11 |    10 |     1 ||    22
       Potion            |       |       |     4 |     3 |       ||     7
 Stab: Sleeping          |    11 |    21 |    29 |    41 |    12 ||   114
       Confused          |       |     1 |     2 |    13 |    37 ||    53
       Distracted        |       |       |       |       |     4 ||     4
Armor: Robe              |    11 |     4 |    13 |    11 |       ||    39
       Troll leather arm |       |       |       |    13 |    74 ||    87
Dodge: Dodged            |    63 |    79 |   183 |   346 |   809 ||  1480
Block: Other             |       |       |       |    28 |   145 ||   173
       Reflection        |       |       |       |       |     3 ||     3

Table legend: (Time is in decaauts)
 A = Elapsed time spent in this place.
 B = Non-inter-level travel time spent in this place.
 C = Inter-level travel time spent in this place.
 D = Time resting spent in this place.
 E = Time spent auto-exploring this place.
 F = Levels seen in this place.
 G = Mean time per level.
                   A        B        C        D        E       F      G
               +--------+--------+--------+--------+--------+-----+--------+
         Total |  13082 |  12148 |    934 |    644 |   8200 |  21 |  623.0 |
       Dungeon |   8024 |   7332 |    692 |    177 |   5578 |  12 |  668.7 |
        Temple |    147 |    134 |     13 |      0 |      0 |   1 |  147.0 |
          Lair |   3835 |   3617 |    218 |    342 |   2163 |   5 |  767.0 |
  Orcish Mines |    509 |    499 |     10 |      0 |    324 |   2 |  254.5 |
      Ice Cave |    565 |    565 |      0 |    124 |    133 |   1 |  565.0 |
               +--------+--------+--------+--------+--------+-----+--------+

Top non-repeatable levels by time:
     D:4: 1161 daAuts
  Lair:1: 1028 daAuts
  Lair:5: 975 daAuts
    D:11: 805 daAuts
     D:9: 770 daAuts
     D:8: 741 daAuts
    D:10: 725 daAuts
  Lair:4: 691 daAuts
     D:6: 633 daAuts
     D:5: 622 daAuts
     D:7: 617 daAuts
     D:3: 601 daAuts
  Lair:2: 571 daAuts
  Lair:3: 566 daAuts
   IceCv: 565 daAuts
